[Event "Januariturneringen"]
[Site "?"]
[Date "2008.01.06"]
[Round "4"]
[White "Malmdin, Nils Åke"]
[Black "Ahlin, Jim"]
[Result "1-0"]
[ECO "B40"]
[WhiteElo "2234"]
[BlackElo "1898"]

[PlyCount "109"]
[TimeControl "300"]

1. e4 e6 2. d4 c5 3. Nf3 cxd4 4. Nxd4 Nf6 5. Nc3
Bb4 6. Bd3 Nc6 7. Nxc6 bxc6 8. O-O d5 9. e5 Nd7 10. Qg4 Bf8 11. Re1 g6 12. h4
Rb8 13. a3 Bg7 14. Qg3 a6 15. h5 Qc7 16. f4 Nc5 17. Bf1 Qe7 18. f5 Qc7 19. b4
Nb7 20. Bf4 Ra8 21. Rab1 Rg8 22. Na4 Bf8 23. hxg6 fxg6 24. c4 Nd8 25. cxd5 cxd5
26. Rbc1 Qa7+ 27. Be3 d4 28. Bf2 Bd7 29. Nc5 Bxc5 30. Rxc5 Kf7 31. fxe6+ Nxe6
32. Qf3+ Ke8 33. Qd5 Rf8 34. Bxd4 Rd8 35. Rc4 Nxd4 36. Qxd4 Qb7 37. Qd6 Qa7+
38. Rc5 Bg4 39. Qxa6 Qf7 40. Bb5+ Bd7 41. Rf1 Qe7 42. Bxd7+ Qxd7 43. Qc6 Rxf1+
44. Kxf1 Qxc6 45. Rxc6 Ra8 46. Rc3 Kd7 47. Ke2 Ke6 48. Re3 Rd8 49. Kf3 Rd4 50.
b5 g5 51. b6 Rf4+ 52. Kg3 Rf7 53. a4 Rb7 54. a5 h5 55. Rb3 1-0

[Event "Januariturneringen"]
[Site "?"]
[Date "2008.01.06"]
[Round "4"]
[White "Stegeby, Henrik"]
[Black "Carlsson, Eric"]
[Result "1/2-1/2"]
[ECO "B01"]
[WhiteElo "1881"]
[BlackElo "2078"]

[PlyCount "37"]
[TimeControl "300"]

1. e4 d5 2. exd5 Qxd5 3. Nc3 Qe5+ 4. Qe2 Qxe2+
5. Bxe2 c6 6. Bc4 Bf5 7. d3 e6 8. Nf3 h6 9. Bf4 Nf6 10. h3 Nbd7 11. O-O Be7 12.
a3 O-O 13. Rfe1 Nb6 14. Nd4 Bg6 15. Ba2 Rfd8 16. Nf3 Nbd5 17. Bd2 Rac8 18. Rac1
b5 19. Nxd5 1/2-1/2

[Event "Januariturneringen"]
[Site "?"]
[Date "2008.01.06"]
[Round "4"]
[White "Gabrielsson, Andreas"]
[Black "Book, Kaarlo"]
[Result "1-0"]
[ECO "B19"]
[WhiteElo "1504"]
[BlackElo "1540"]

[PlyCount "137"]
[TimeControl "300"]

1. e4 c6 2. d4 d5 3. Nc3 dxe4 4. Nxe4 Bf5 5. Ng3
Bg6 6. h4 h6 7. Nf3 Nd7 8. Bd3 Bxd3 9. Qxd3 Ngf6 10. Bd2 e6 11. O-O-O Qc7 12.
Rhe1 O-O-O 13. Ne4 Nxe4 14. Qxe4 Nf6 15. Qe2 Bd6 16. Ne5 Bxe5 17. dxe5 Nd5 18.
Qg4 Rhg8 19. Qa4 b6 20. c4 Ne7 21. c5 Nd5 22. cxb6 axb6 23. Qa6+ Qb7 24. Qa3
Kc7 25. f4 Qa8 26. Qb3 Qa6 27. f5 Ra8 28. fxe6 fxe6 29. a3 Raf8 30. Re4 Rf1 31.
Be1 Rgf8 32. Ra4 Qb7 33. Rg4 R8f7 34. Rg6 Qc8 35. a4 Qe8 36. a5 Qe7 37. axb6+
Nxb6 38. Rxe6 Qc5+ 39. Kb1 Nc4 40. Qd3 Qb5 41. Bc3 Rxd1+ 42. Qxd1 Na3+ 43. Ka2
Qc4+ 44. Qb3 Qxb3+ 45. Kxb3 Nb5 46. Rg6 Nxc3 47. Kxc3 Re7 48. Kd4 Kb6 49. Ke4
Kc5 50. Kf5 Kd5 51. Rd6+ Kc5 52. Re6 Rf7+ 53. Kg6 Rf2 54. Kxg7 Rxg2+ 55. Rg6
Rxb2 56. Rxh6 Kd5 57. e6 Kd6 58. Rf6 Rb7+ 59. Kg6 c5 60. h5 c4 61. e7+ Kd7 62.
Kf7 Rb8 63. Rf1 c3 64. Rd1+ Kc7 65. e8=Q Rxe8 66. Kxe8 Kc6 67. h6 Kc5 68. h7
Kc4 69. h8=Q 1-0

[Event "Januariturneringen"]
[Site "?"]
[Date "2008.01.06"]
[Round "4"]
[White "Fuentes, Ruben"]
[Black "Stål, Carl Olof"]
[Result "1/2-1/2"]
[ECO "C19"]
[WhiteElo "1968"]
[BlackElo "1796"]

[PlyCount "70"]
[TimeControl "300"]

1. e4 e6 2. d4 d5 3. Nc3 Bb4 4. e5 Ne7 5. a3
Bxc3+ 6. bxc3 c5 7. Nf3 Nbc6 8. Bd3 Qc7 9. O-O Bd7 10. Bd2 c4 11. Be2 O-O-O 12.
Ng5 Rdf8 13. f4 f6 14. Nf3 fxe5 15. fxe5 h6 16. Qc1 Qd8 17. a4 Na5 18. Qa3 b6
19. Rfb1 Nec6 20. Ra2 Qe7 21. Bc1 g5 22. Qxe7 Nxe7 23. Ba3 Rf7 24. Nd2 h5 25.
Bxe7 Rxe7 26. Rf1 Be8 27. Raa1 Kd7 28. Rf6 Rf7 29. Raf1 Ke7 30. R1f2 g4 31.
Rxf7+ Bxf7 32. Nf1 Be8 33. h3 gxh3 34. gxh3 Bxa4 35. Rg2 Kf7 1/2-1/2

[Event "Januariturneringen"]
[Site "?"]
[Date "2008.01.06"]
[Round "4"]
[White "Gustafsson, Fredrik"]
[Black "Eckeskog, Patrik"]
[Result "0-1"]
[ECO "B07"]
[WhiteElo "1803"]
[BlackElo "1840"]

[PlyCount "116"]
[TimeControl "300"]

1. e4 d6 2. d4 Nf6 3. Bd3 Nbd7 4. Bg5 e5 5. c3
Be7 6. Nf3 O-O 7. O-O Ne8 8. Be3 g6 9. Bh6 Ng7 10. Bc4 Nb6 11. Bb3 Bg4 12. Qd3
Bxf3 13. Qxf3 Bg5 14. Bxg7 Kxg7 15. dxe5 dxe5 16. Rd1 Qe7 17. Nd2 Qc5 18. Nf1
c6 19. Ng3 Qe7 20. Qg4 Kh8 21. Rd3 Rad8 22. Rad1 Rxd3 23. Rxd3 a5 24. a3 Bc1
25. Qe2 Bf4 26. Nf1 Bg5 27. Qd1 Kg7 28. Ng3 Rd8 29. Ne2 Rxd3 30. Qxd3 Qd7 31.
Qf3 a4 32. h4 Bxh4 33. Ba2 Qd1+ 34. Kh2 Bf6 35. Qe3 Nd7 36. Bc4 b5 37. Qd3 Qxd3
38. Bxd3 Nc5 39. Bc2 h5 40. Kg3 Bg5 41. Kf3 Kf6 42. Kg3 Bd2 43. Kf3 Kg5 44. Kg3
f5 45. Kf3 Kf6 46. g3 Bh6 47. exf5 gxf5 48. Kg2 Ne6 49. b3 axb3 50. Bxb3 Bf8
51. Nc1 Bxa3 52. Nd3 e4 53. Bxe6 Kxe6 54. Nf4+ Kd6 55. Nxh5 Bb2 56. Ng7 Ke5 57.
f4+ exf3+ 58. Kxf3 Bxc3 0-1

[Event "Januariturneringen"]
[Site "?"]
[Date "2008.01.06"]
[Round "4"]
[White "Jäske, Håkan"]
[Black "Baghomian, Emin"]
[Result "1-0"]
[ECO "D05"]
[WhiteElo "1733"]
[BlackElo "1753"]

[PlyCount "82"]
[TimeControl "300"]

1. d4 Nf6 2. Nf3 e6 3. e3 c5 4. c3 Be7 5. Bd3 d5
6. Nbd2 O-O 7. Qe2 Nbd7 8. Ne5 Nxe5 9. dxe5 Nd7 10. f4 f5 11. exf6 Bxf6 12. e4
e5 13. exd5 Bh4+ 14. g3 exf4 15. Kd1 Bf6 16. Qe4 g6 17. gxf4 Re8 18. Qg2 c4 19.
Nxc4 Nc5 20. Be2 b5 21. Ne3 Bb7 22. Kc2 b4 23. f5 bxc3 24. b3 Kh8 25. fxg6 Ne6
26. Nf5 Bxd5 27. Bf3 Bxf3 28. g7+ Bxg7 29. Qxf3 Rf8 30. Be3 Qa5 31. Rhf1 Qa3
32. Bc1 Rxf5 33. Qxa8+ Qf8 34. Qxf8+ Rxf8 35. Rxf8+ Bxf8 36. Be3 a5 37. Rd1 Be7
38. Bd4+ Nxd4+ 39. Rxd4 Bb4 40. Rd8+ Kg7 41. Rd3 Kf6 1-0

[Event "Januariturneringen"]
[Site "?"]
[Date "2008.01.06"]
[Round "4"]
[White "Heijdenberg, Ronny"]
[Black "Westin, Mikael"]
[Result "0-1"]
[ECO "B09"]
[WhiteElo "1599"]
[BlackElo "1508"]

[PlyCount "116"]
[TimeControl "300"]

1. e4 d6 2. d4 Nf6 3. Nc3 g6 4. f4 Bg7 5. Nf3 c5
6. dxc5 Qa5 7. Bb5+ Bd7 8. Bxd7+ Nbxd7 9. O-O Qxc5+ 10. Kh1 Ng4 11. Qe1 Bxc3
12. bxc3 Rc8 13. h3 Nh6 14. Be3 Qa5 15. Bd2 Nb6 16. e5 Nc4 17. exd6 Nxd6 18. c4
Qa4 19. Bc3 Rg8 20. Bb4 Rc6 21. Rd1 Nc8 22. Qd2 f6 23. Rfe1 Rc7 24. Re6 Qd7 25.
Qe2 Qa4 26. Bc3 Qxc4 27. Qxc4 Rxc4 28. Rd3 Kf7 29. Re2 Nf5 30. Nd4 Ncd6 31. g4
Ng7 32. Kg2 Rgc8 33. Ree3 Nge8 34. a3 Nc7 35. Bb4 Nd5 36. Bxd6 Nxe3+ 37. Rxe3
exd6 38. Nb5 Rxc2+ 39. Kg3 Rd2 40. Nxa7 Re8 41. Rb3 Rb8 42. a4 Ra2 43. Nb5 Ke7
44. Nc3 Rd2 45. Ne4 Rd4 46. Re3 Kf7 47. Kf3 Ra8 48. Rb3 Raxa4 49. Rxb7+ Ke6 50.
f5+ gxf5 51. gxf5+ Kxf5 52. Ng3+ Kg6 53. Rb3 Rh4 54. Kg2 Ra2+ 55. Kf3 Rxh3 56.
Kg4 Rah2 57. Rb8 h5+ 58. Kf3 h4 0-1

[Event "Januariturneringen"]
[Site "?"]
[Date "2008.01.06"]
[Round "4"]
[White "Novak, Prokopic"]
[Black "Nyberg, Roger"]
[Result "0-1"]
[ECO "D06"]
[WhiteElo "1536"]
[BlackElo "1403"]

[PlyCount "124"]
[TimeControl "300"]

1. d4 d5 2. c4 Nf6 3. e3 Bg4 4. Qc2 e6 5. h3 Bf5
6. Bd3 Bxd3 7. Qxd3 c5 8. Nf3 Nc6 9. a3 Bd6 10. dxc5 Bxc5 11. cxd5 Qxd5 12.
Qxd5 Nxd5 13. b4 Be7 14. Bb2 f6 15. Nd4 Nxd4 16. Bxd4 e5 17. Bb2 Rc8 18. Kd2
Nb6 19. Nc3 Kf7 20. Kd3 Rhd8+ 21. Kc2 a6 22. Rhd1 Ke6 23. Rxd8 Rxd8 24. g4 Nc4
25. Rd1 Rxd1 26. Nxd1 f5 27. Kc3 b5 28. a4 Bf6 29. axb5 axb5 30. Kc2 Bh4 31.
Bc3 g6 32. Be1 Bf6 33. Nc3 fxg4 34. hxg4 Nd6 35. f3 h5 36. gxh5 gxh5 37. e4 h4
38. Ne2 Bg5 39. Ng1 Nf7 40. Bd2 Kf6 41. Kd1 Bxd2 42. Kxd2 Ng5 43. Ke3 h3 44.
Ne2 h2 45. Ng3 Ne6 46. Kf2 Nf4 47. Ke3 Kg5 48. Kf2 Kh4 49. Nh1 Kh3 50. Kf1 Nd3
51. Ke2 Nxb4 52. Nf2+ Kg2 53. f4 exf4 54. e5 Nd5 55. e6 f3+ 56. Ke1 h1=Q+ 57.
Nxh1 Kxh1 58. Kf2 b4 59. Kxf3 b3 60. Ke2 b2 61. Kd2 b1=Q 62. e7 Qe4 0-1

[Event "Januariturneringen"]
[Site "?"]
[Date "2008.01.06"]
[Round "5"]
[White "Gabrielsson, Andreas"]
[Black "Malmdin, Nils Åke"]
[Result "0-1"]
[ECO "B01"]
[WhiteElo "1504"]
[BlackElo "2234"]

[PlyCount "126"]
[TimeControl "300"]

1. e4 d5 2. exd5 Nf6 3. d4 Nxd5 4. c4 Nf6 5. Nc3
g6 6. Nf3 Bg7 7. Be2 O-O 8. O-O c6 9. Qb3 Qc7 10. Rd1 Nbd7 11. h3 h6 12. Be3
Nh5 13. d5 Nf4 14. Bf1 g5 15. Rd2 Ne5 16. Nxe5 Bxe5 17. Rad1 Ng6 18. Ne2 c5 19.
f3 b6 20. Qd3 Nh4 21. Bf2 Bf5 22. Qb3 Ng6 23. a3 a6 24. Qa2 Bd6 25. Nc3 Bf4 26.
g4 Bc8 27. Rc2 Ne5 28. Kg2 Bb7 29. Ne2 Ng6 30. Nxf4 Nxf4+ 31. Kg1 f5 32. Qb3
Rad8 33. Be3 Ng6 34. Bg2 e6 35. Rcd2 exd5 36. cxd5 Rd6 37. Bf2 f4 38. Bf1 Rfd8
39. a4 Qd7 40. Bd3 Ne7 41. a5 c4 42. Bxc4 b5 43. Be2 Bxd5 44. Qa3 Qe6 45. Bc5
R6d7 46. Bxe7 Rxe7 47. Bd3 Qe3+ 48. Kh2 Rde8 49. Be4 Bxe4 50. fxe4 Rxe4 51.
Qxe3 Rxe3 52. Rd6 R3e6 53. Rd7 Re2+ 54. Kg1 Re1+ 55. Rxe1 Rxe1+ 56. Kg2 Rb1 57.
Rd6 Rxb2+ 58. Kg1 Ra2 59. Rxa6 Kg7 60. Ra7+ Kf6 61. Ra6+ Ke5 62. Rxh6 Rxa5 63.
Rb6 Ke4 0-1

[Event "Januariturneringen"]
[Site "?"]
[Date "2008.01.06"]
[Round "5"]
[White "Eckeskog, Patrik"]
[Black "Kling, Anders"]
[Result "0-1"]
[ECO "C45"]
[WhiteElo "1840"]
[BlackElo "2263"]

[PlyCount "72"]
[TimeControl "300"]

1. e4 e5 2. Nf3 Nc6 3. d4 exd4 4. Nxd4 Bc5 5.
Be3 Qf6 6. c3 Nge7 7. Nc2 b6 8. Bxc5 bxc5 9. Ne3 O-O 10. Be2 Rb8 11. Qc2 d6 12.
O-O Qg6 13. f4 f5 14. Bf3 fxe4 15. Bxe4 Qh6 16. Nd5 Kh8 17. g3 Nxd5 18. Bxd5
Bf5 19. Be4 Bxe4 20. Qxe4 Rxb2 21. h4 Qh5 22. Qf3 Qxf3 23. Rxf3 Re8 24. Na3
Ree2 25. Kf1 Rh2 26. Ke1 Rxa2 27. Rxa2 Rxa2 28. Re3 Kg8 29. Nb5 Rb2 30. Nxc7
Rb7 31. Nd5 Kf7 32. Rd3 Na5 33. Rd2 Nc4 34. Rd1 Ke6 35. Kf2 Rb2+ 36. Kf3 Nd2+
0-1

[Event "Januariturneringen"]
[Site "?"]
[Date "2008.01.06"]
[Round "5"]
[White "Hjorth, Gunnar"]
[Black "Carlsson, Eric"]
[Result "1-0"]
[ECO "A41"]
[WhiteElo "2251"]
[BlackElo "2078"]

[PlyCount "105"]
[TimeControl "300"]

1. d4 d6 2. Nf3 Bg4 3. g3 Bxf3 4. exf3 g6 5. d5
Bg7 6. c4 c5 7. h4 h5 8. Qc2 Na6 9. a3 Nc7 10. Nc3 Nf6 11. f4 Rb8 12. f5 gxf5
13. Qxf5 a6 14. a4 Qd7 15. Qd3 Kf8 16. Bh3 Qe8 17. O-O Ng4 18. Bxg4 hxg4 19.
Bg5 Be5 20. Rae1 f6 21. Bd2 Qh5 22. b3 Kf7 23. Kg2 Qg6 24. Qxg6+ Kxg6 25. f3
gxf3+ 26. Kxf3 b5 27. axb5 axb5 28. Rb1 b4 29. Ne2 Ra8 30. Nf4+ Kf7 31. Rh1 Ra2
32. Be3 e6 33. dxe6+ Nxe6 34. Nxe6 Kxe6 35. g4 Rc2 36. h5 Rc3 37. Ke4 Rc2 38.
h6 Rg2 39. Rhg1 Rxg4+ 40. Rxg4 f5+ 41. Kf3 fxg4+ 42. Kxg4 Rg8+ 43. Kh5 Rg3 44.
Bg5 d5 45. Re1 Kf5 46. Rxe5+ Kxe5 47. h7 Kf5 48. Bh4 Rxb3 49. h8=Q dxc4 50.
Qf8+ Ke4 51. Qxc5 Kd3 52. Qd5+ Kc3 53. Bf6+ 1-0

[Event "Januariturneringen"]
[Site "?"]
[Date "2008.01.06"]
[Round "5"]
[White "Book, Kaarlo"]
[Black "Stegeby, Henrik"]
[Result "0-1"]
[ECO "A52"]
[WhiteElo "1540"]
[BlackElo "1881"]

[PlyCount "106"]
[TimeControl "300"]

1. d4 Nf6 2. c4 e5 3. dxe5 Ng4 4. Bf4 g5 5. Bg3
Bg7 6. Nf3 Nc6 7. e3 d6 8. Nc3 Ngxe5 9. Nxe5 Nxe5 10. Bxe5 Bxe5 11. Qc2 Be6 12.
O-O-O Qd7 13. Nb5 a6 14. Nd4 c5 15. Nxe6 Qxe6 16. Bd3 b5 17. Be4 Rb8 18. Bd5
Qc8 19. b3 Qc7 20. Qf5 Qe7 21. h4 gxh4 22. Rh3 Qf6 23. Qxf6 Bxf6 24. Rf3 Ke7
25. Rh1 Rhg8 26. Rf5 bxc4 27. Bxc4 Rxg2 28. Rh3 a5 29. Rhf3 Rg6 30. a4 Rf8 31.
Kc2 Rh6 32. Rh3 Rg8 33. Kd3 Rg7 34. Rf4 Rh5 35. Re4+ Re5 36. Rxe5+ dxe5 37. Ke2
Bg5 38. e4 Rg6 39. Rd3 Bf4 40. Rh3 Rg4 41. Kf3 h5 42. Bd5 Bg5 43. Ke2 Rg1 44.
Kf3 Rc1 45. Kg2 f6 46. Rd3 Rc2 47. Rf3 Kf8 48. Kh3 Kg7 49. Kg2 Kg6 50. Bc4 Rd2
51. Kh3 Bf4 52. Be6 Kg5 53. Rc3 Rxf2 0-1

[Event "Januariturneringen"]
[Site "?"]
[Date "2008.01.06"]
[Round "5"]
[White "Westin, Mikael"]
[Black "Fuentes, Ruben"]
[Result "0-1"]
[ECO "D03"]
[WhiteElo "1508"]
[BlackElo "1962"]

[PlyCount "82"]
[TimeControl "300"]

1. d4 c5 2. Nf3 Nf6 3. Nc3 d5 4. Bg5 e6 5. e3
Be7 6. dxc5 O-O 7. Bd3 Nbd7 8. b4 b6 9. a3 bxc5 10. b5 Qa5 11. Qd2 c4 12. Nd4
Bb4 13. Nc6 Bxc3 14. Nxa5 Bxd2+ 15. Kxd2 cxd3 16. cxd3 h6 17. Bf4 e5 18. Bg3
Nh5 19. Nc6 Re8 20. a4 Nxg3 21. hxg3 a6 22. Rab1 axb5 23. axb5 Nb6 24. d4 exd4
25. Nxd4 Bd7 26. Rhc1 Nc4+ 27. Ke1 Reb8 28. Rb4 Rb6 29. e4 Ne5 30. Rc3 dxe4 31.
Kd2 Rab8 32. f4 exf3 33. gxf3 Nc6 34. Nxc6 Bxc6 35. f4 Rxb5 36. Rbc4 Bd7 37.
Rc7 Be6 38. R7c6 Rb2+ 39. Ke1 Rh2 40. Rc7 Rbb2 41. Kd1 Rh1# 0-1

[Event "Januariturneringen"]
[Site "?"]
[Date "2008.01.06"]
[Round "5"]
[White "Ahlin, Jim"]
[Black "Jäske, Håkan"]
[Result "1/2-1/2"]
[ECO "A81"]
[WhiteElo "1898"]
[BlackElo "1753"]

[PlyCount "92"]
[TimeControl "300"]

1. d4 f5 2. Nd2 Nf6 3. g3 e6 4. Bg2 d5 5. e3 Bd6
6. Ngf3 Nbd7 7. b3 Qe7 8. c4 c6 9. Qc2 Ne4 10. O-O Nxd2 11. Bxd2 O-O 12. Bc3
Nf6 13. Bb2 Bd7 14. Rad1 Be8 15. Ne5 Bh5 16. Rde1 Nd7 17. f3 Nxe5 18. dxe5 Bc5
19. Kh1 Bg6 20. f4 Bh5 21. Bf3 Bg6 22. Rf2 Rfd8 23. cxd5 cxd5 24. Qd3 a6 25.
Rc2 Be8 26. Rec1 Bb6 27. Bd4 Bxd4 28. exd4 Bc6 29. Rc5 Rac8 30. b4 Qe8 31. Be2
Bb5 32. Qd2 Bxe2 33. Qxe2 Rxc5 34. Rxc5 Rc8 35. Qc2 Rxc5 36. Qxc5 Qd7 37. Kg2
Kf7 38. a3 Qc6 39. Kf3 Qxc5 40. bxc5 h5 41. Ke3 Ke7 42. Kd3 Kd7 43. Kc3 Kc7 44.
Kb4 Kc6 45. a4 Kc7 46. Ka5 Kc6 1/2-1/2

[Event "Januariturneringen"]
[Site "?"]
[Date "2008.01.06"]
[Round "5"]
[White "Stål, Carl Olof"]
[Black "Gustafsson, Fredrik"]
[Result "1/2-1/2"]
[ECO "E91"]
[WhiteElo "1796"]
[BlackElo "1803"]

[PlyCount "66"]
[TimeControl "300"]

1. d4 Nf6 2. c4 d6 3. Nc3 g6 4. e4 Bg7 5. Nf3
O-O 6. Be2 Bg4 7. h3 Bxf3 8. Bxf3 e5 9. d5 Ne8 10. g4 Nd7 11. Be3 a5 12. h4 Nc5
13. g5 c6 14. Qd2 a4 15. h5 Qa5 16. Bg4 Qb4 17. Be2 cxd5 18. Bxc5 dxc5 19. Nxd5
Qxd2+ 20. Kxd2 f5 21. hxg6 hxg6 22. f3 Kf7 23. a3 Nd6 24. Kd3 b5 25. cxb5 Nxb5
26. Kc4 Nd4 27. Bd1 Rfb8 28. Rb1 Nb3 29. Rh2 Nd4 30. Nc3 Nb3 31. Nd5 Na5+ 32.
Kc3 Nb3 33. Kc4 Na5+ 1/2-1/2

[Event "Januariturneringen"]
[Site "?"]
[Date "2008.01.06"]
[Round "5"]
[White "Nyberg, Roger"]
[Black "Heijdenberg, Ronny"]
[Result "0-1"]
[ECO "E70"]
[WhiteElo "1403"]
[BlackElo "1599"]

[PlyCount "92"]
[TimeControl "300"]

1. d4 Nf6 2. c4 g6 3. Nc3 Bg7 4. e4 d6 5. Bd3 c5
6. Nge2 O-O 7. f3 Nc6 8. Be3 b6 9. Rc1 Bb7 10. Bb1 Rc8 11. dxc5 dxc5 12. O-O
Nd7 13. a3 Nde5 14. Nd5 e6 15. f4 Ng4 16. Nec3 exd5 17. Qxg4 d4 18. Rcd1 Qe8
19. Nb5 f5 20. Qg3 Qe7 21. Bf2 fxe4 22. Bxe4 a6 23. Bd5+ Kh8 24. Rfe1 Qf6 25.
Re6 Qxf4 26. Qxf4 Rxf4 27. Nd6 Rcf8 28. Rd2 Nd8 29. Nxb7 Nxe6 30. Bxe6 R4f6 31.
Bd5 Bh6 32. Rd1 Rxf2 33. Bf3 Be3 34. Kh1 Rxb2 35. h3 Rc2 36. Nd6 Rc1 37. Rxc1
Bxc1 38. Ne4 Bxa3 39. Kh2 Bb4 40. Nd6 a5 41. Kg1 Rxf3 42. gxf3 a4 43. Nb5 a3
44. Nxa3 Bxa3 45. Kf1 Kg7 46. Ke2 Kf6 0-1

[Event "Januariturneringen"]
[Site "?"]
[Date "2008.01.06"]
[Round "5"]
[White "Baghomian, Emin"]
[Black "Prokopic, Novak"]
[Result "1-0"]
[ECO "B27"]
[WhiteElo "1733"]
[BlackElo "1536"]

[PlyCount "73"]
[TimeControl "300"]

1. e4 c5 2. Nf3 h6 3. d4 cxd4 4. Nxd4 g5 5. Bc4
Nc6 6. O-O Qc7 7. Nc3 e6 8. Kh1 a6 9. Be3 b5 10. Be2 Nf6 11. a3 Bb7 12. f3 Bd6
13. Ndxb5 Qb8 14. Nxd6+ Ke7 15. Bc5 Ne8 16. Nxb7+ d6 17. Nxd6 Nxd6 18. Bxd6+
Qxd6 19. Qxd6+ Kxd6 20. Rad1+ Ke7 21. Rd2 Ra7 22. Rfd1 a5 23. Kg1 Rb8 24. Na4
e5 25. b3 Nd4 26. Bc4 Rc7 27. Nc3 h5 28. Nd5+ Kd6 29. Nxc7 Kxc7 30. a4 f6 31.
Rxd4 exd4 32. Rxd4 Ra8 33. Rd5 Kb6 34. Kf2 h4 35. Rd6+ Kc7 36. Rxf6 Kd7 37. Rg6
1-0